 Dungeon Crawl Stone Soup version 0.32-a0-468-g38b2580584 (webtiles) character file.

Game seed: 17759560511584790421

265295 CougarLife the Earth Mage (level 20, -1/127 HPs)
             Began as a Gargoyle Earth Elementalist on Feb 24, 2024.
             Was the Champion of Vehumet.
             Slain by a spriggan defender
             ... wielding a +4 lajatang of electrocution
             ... led by the Enchantress
              (13 damage)
             ... on level 1 of the Depths.
             The game lasted 01:44:31 (50029 turns).

CougarLife the Earth Mage (GrEE)                   Turns: 50029, Time: 01:44:32

Health: -1/127     AC: 31    Str: 17    XL:     20   Next: 7%
Magic:  9/60       EV: 11    Int: 34    God:    Vehumet [******]
Gold:   2557       SH:  0    Dex: 10    Spells: 6/53 levels left

rFire   . . .        I - +3 hand axe "Pexeug" {freeze, rPois MP+9 Str+3}
rCold   . . .        (no shield)
rNeg    + . .        O - +3 acid dragon scales
rPois   ∞            b - +3 hat of Pondering {ponderous, Will+ MP+10 Int+5}
rElec   +            (no cloak)
rCorr   +            F - +0 pair of gloves
SInv    +            r - +0 pair of boots
Will    ++...        S - amulet of magic regeneration
Stlth   +            j - ring of see invisible
HPRegen 0.41/turn    Q - +6 ring of intelligence
MPRegen 0.77/turn

%: no passive effects
@: flying, slow
A: sickness immunity, AC +15, big wings, negative energy resistance 1,
electricity resistance, torment resistance 1, petrification resistance
}: 2/15 runes: barnacled, gossamer
a: Renounce Religion


You were on level 1 of the Depths.
You worshipped Vehumet.
Vehumet was exalted by your worship.
You visited 7 branches of the dungeon, and saw 32 of its levels.
You also visited: Sewer and Ice Cave.

You collected 3649 gold pieces.
You spent 1092 gold pieces at shops.

Inventory:

Hand Weapons
 I - the +3 hand axe "Pexeug" (weapon) {freeze, rPois MP+9 Str+3}
   (You found it in an ice cave)

   Str+3:     It affects your strength (+3).
   rPois:     It protects you from poison MP+9: It affects your magic capacity
   (+9).
Missiles
 u - 3 throwing nets
 P - 16 curare-tipped darts
Armour
 b - the +3 hat of Pondering (worn) {ponderous, Will+ MP+10 Int+5}
   (You acquired it on level 11 of the Dungeon)

   Int+5:     It affects your intelligence (+5).
   Will+:     It increases your willpower.
   MP+10:     It affects your magic capacity (+10).
 r - a +0 pair of boots (worn)
 F - a +0 pair of gloves (worn)
 O - +3 acid dragon scales (worn)
Jewellery
 j - a ring of see invisible (left hand)
 M - a ring of willpower
 Q - a +6 ring of intelligence (right hand)
 R - a ring of protection from cold
 S - an amulet of magic regeneration (around neck)
 T - a ring of see invisible
Wands
 m - a wand of paralysis (35)
 y - a wand of mindburst (33)
 D - a wand of polymorph (10)
 H - a wand of roots (32)
 J - a wand of light (30)
 N - a wand of flame (36)
Scrolls
 c - 2 scrolls of silence
 h - 5 scrolls of fear
 i - 3 scrolls of blinking
 k - 3 scrolls of torment
 p - 6 scrolls of summoning
 q - 5 scrolls of amnesia
 s - 10 scrolls of fog
 t - 18 scrolls of teleportation
 v - 5 scrolls of immolation
 w - a scroll of vulnerability
 C - 2 scrolls of revelation
 E - 3 scrolls of noise
 K - 3 scrolls of poison
 L - a scroll of enchant armour
Potions
 a - 4 potions of ambrosia
 d - 7 potions of lignification
 e - 5 potions of brilliance
 f - 6 potions of curing
 g - 10 potions of heal wounds
 l - 2 potions of haste
 n - 4 potions of resistance
 o - 3 potions of invisibility
 x - 3 potions of attraction
 z - 2 potions of berserk rage
 A - 2 potions of mutation
 B - 5 potions of enlightenment
 G - 2 potions of might


   Skills:
 + Level 14.1 Fighting
 - Level 7.0 Armour
 - Level 1.5 Dodging
 - Level 2.1 Stealth
 + Level 17.1 Spellcasting
 * Level 17.4 Conjurations
 * Level 14.1 Fire Magic
 - Level 7.7 Air Magic
 - Level 18.8 Earth Magic


You had 6 spell levels left.
You knew the following spells:

 Your Spells              Type           Power      Damage    Failure   Level
a - Sandblast             Erth           100%       2d20      0%          1
b - Stone Arrow           Conj/Erth      100%       3d13      0%          3
c - Lee's Rapid Deconstr  Erth           51%        3d24*     0%          5
d - Conjure Ball Lightni  Conj/Air       43%        3x3d15    1%          6
e - Freezing Cloud        Conj/Ice/Air   36%        6-21      1%          5
f - Arcjolt               Conj/Air       43%        1d53      1%          5
g - Bombard               Conj/Erth      50%        9d8       1%          6
h - Ignition              Fire           45%        3d13      9%          8
i - Lehudib's Crystal Sp  Conj/Erth      50%        10d12     1%          8

Your spell library contained the following spells:

 Spells                   Type           Power      Damage    Failure   Level
 Fire Storm               Conj/Fire      47%        8d12      50%         9
 Chain Lightning          Conj/Air       43%        3d57      90%         9
 Shock                    Conj/Air       100%       1d9       0%          1
 Passwall                 Erth           100%       N/A       0%          3
 Brom's Barrelling Bould  Conj/Erth      100%       2d11      0%          4
 Apportation              Tloc           58%        N/A       1%          1
 Freeze                   Ice            100%       1d10      1%          1
 Kiss of Death            Conj/Necr      100%       2d13      1%          1
 Sting                    Conj/Alch      100%       1d9       1%          1
 Mercury Vapours          Alch/Air       100%       N/A       1%          2
 Momentum Strike          Conj/Tloc      100%       3d10      1%          2
 Dazzling Flash           Conj/Hex       100%       N/A       1%          3
 Frozen Ramparts          Ice            58%        1d9       1%          3
 Hailstorm                Conj/Ice       73%        3d13      1%          3
 Mephitic Cloud           Conj/Alch/Air  72%        N/A       1%          3
 Swiftness                Air            69%        N/A       1%          3
 Volatile Blastmotes      Fire/Tloc      100%       2d18      1%          3
 Airstrike                Air            34%        2d(5-21)  1%          4
 Animate Armour           Summ/Erth      100%       N/A       1%          4
 Fulminant Prism          Conj/Alch      36%        3d17      1%          4
 Iskenderun's Mystic Bla  Conj/Tloc      73%        2d15      1%          4
 Petrify                  Alch/Erth      75%        N/A       1%          4
 Irradiate                Conj/Alch      36%        3d23      1%          5
 Blink                    Tloc           58%        N/A       2%          2
 Jinxbite                 Hex            58%        N/A       2%          2
 Lesser Beckoning         Tloc           58%        N/A       2%          2
 Summon Lightning Spire   Summ/Air       53%        N/A       3%          4
 Call Canine Familiar     Summ           29%        N/A       4%          3
 Confusing Touch          Hex            29%        N/A       4%          3
 Fugue of the Fallen      Necr           29%        N/A       4%          3
 Gell's Gravitas          Tloc           29%        N/A       4%          3
 Ozocubu's Armour         Ice            29%        N/A       4%          3
 Sigil of Binding         Hex            29%        N/A       4%          3
 Summon Ice Beast         Ice/Summ       29%        N/A       4%          3
 Teleport Other           Tloc           29%        N/A       4%          3
 Tukima's Dance           Hex            29%        N/A       4%          3
 Olgreb's Toxic Radiance  Alch           29%        N/A       4%          4
 Silence                  Hex/Air        26%        N/A       10%         5
 Yara's Violent Unravell  Hex/Alch       14%        3d7       12%         5
 Cause Fear               Hex            14%        N/A       16%         4
 Dimensional Bullseye     Hex/Tloc       14%        N/A       16%         4
 Dispel Undead            Necr           29%        3d13      16%         4
 Manifold Assault         Tloc           29%        N/A       16%         4
 Passage of Golubria      Tloc           29%        N/A       16%         4
 Alistair's Intoxication  Alch           19%        N/A       41%         5
 Curse of Agony           Necr           29%        N/A       41%         5
 Metabolic Englaciation   Hex/Ice        14%        N/A       41%         5
 Summon Mana Viper        Hex/Summ       29%        N/A       41%         5
 Monstrous Menagerie      Summ           14%        N/A       100%        7
 Sublimation of Blood     Necr           Unusable   N/A       N/A         2

Dungeon Overview and Level Annotations

Branches:
Dungeon (15/15)            Temple (1/1) D:6            Lair (5/5) D:10
 Shoals (4/4) Lair:2       Spider (4/4) Lair:3        Slime (0/5) Lair:5
    Orc (2/2) D:11            Elf (0/3) Orc:2        Vaults (0/5) D:13
 Depths (1/4) D:15          Sewer (visited)           IceCv (visited)

Altars:
Ashenzari
Cheibriados
Dithmenos
Elyvilon
Fedhas
Gozag
Hepliaklqana
Kikubaaqudgha
Makhleb
Nemelex Xobeh
Okawaru
Qazlal
Ru
Sif Muna
Trog
Uskayaw
Vehumet
Wu Jian
Xom
Yredelemnul
Zin
The Shining One
Beogh
Jiyva

Shops:
D:11 *   D:13 [   Orc:2 *(?[:

Annotations:
D:6 1 runed translucent door
D:8 1 runed translucent door, CougarLife's ghost, novice GrEE
Lair:1 3 runed translucent doors, dogverified's ghost, journeyman DrCj
Shoals:1 4 transporters, exclusion: orange crystal statue, Jizeqel's ghost, journeyman OpCj


Innate Abilities, Weirdness & Mutations

You are immune to sickness and miasma.
Your stone body is resilient. (AC +15)
You are immune to poison.
Your large and strong wings let you fly.
You resist negative energy. (rN+)
You are resistant to electric shocks. (rElec)
You are resistant to unholy torment.
You are immune to petrification.


Message History

Casting: Lehudib's Crystal Spear (dangerous; 1% risk of failure)
Confirm with . or Enter, or press ? or * to list all spells.
Aiming: Lehudib's Crystal Spear (dangerous; 1% risk of failure)
Press: ? - help, Shift-Dir - straight line, f/p - the Enchantress
Aim: the Enchantress, wielding a +3 vampiric rapier, wearing the +1 faerie dragon scales {rElec rCorr Dex+4} and wearing a +0 buckler of reflection (freezing vapour, severely wounded, repelling missiles, reflecting blocked projectiles, 14% to hit)
The Enchantress repels the crystal spear!
The spriggan defender is engulfed in freezing vapours.
The spriggan defender barely misses you.
The Enchantress is engulfed in freezing vapours.
The Enchantress hits you with a +3 vampiric rapier!!
Casting: Lehudib's Crystal Spear (dangerous; 1% risk of failure)
Confirm with . or Enter, or press ? or * to list all spells.
Aiming: Lehudib's Crystal Spear (dangerous; 1% risk of failure)
Press: ? - help, Shift-Dir - straight line, f/p - the Enchantress
Aim: the Enchantress, wielding a +3 vampiric rapier, wearing the +1 faerie dragon scales {rElec rCorr Dex+4} and wearing a +0 buckler of reflection (freezing vapour, almost dead, repelling missiles, reflecting blocked projectiles, 14% to hit)
The Enchantress repels the crystal spear!
The spriggan defender is engulfed in freezing vapours.
The spriggan defender hits you with a +4 lajatang of electrocution!!
The spriggan defender is engulfed in freezing vapours.
The spriggan defender completely misses you.
The Enchantress is engulfed in freezing vapours.
The Enchantress hits you but does no damage.
Casting: Lehudib's Crystal Spear (dangerous; 1% risk of failure)
Confirm with . or Enter, or press ? or * to list all spells.
Aiming: Lehudib's Crystal Spear (dangerous; 1% risk of failure)
Press: ? - help, Shift-Dir - straight line, f/p - the Enchantress
Aim: the Enchantress, wielding a +3 vampiric rapier, wearing the +1 faerie dragon scales {rElec rCorr Dex+4} and wearing a +0 buckler of reflection (freezing vapour, almost dead, repelling missiles, reflecting blocked projectiles, 14% to hit)
The Enchantress blocks the crystal spear with her +0 buckler of reflection... and reflects it back!
The crystal spear hits you!!!
* * * LOW HITPOINT WARNING * * *
The spriggan defender hits you with a +4 lajatang of electrocution!!
* * * LOW HITPOINT WARNING * * *
The Enchantress is engulfed in freezing vapours.
You kill the Enchantress!
Vehumet accepts your kill.
You feel your power returning.
The spriggan defender is engulfed in freezing vapours.
The spriggan defender attacks as it pursues you!
The spriggan defender hits you with a +4 lajatang of electrocution!
You die...

#..##. #....#. ###....
###.####. ####.....## #...#
#. ......#T.. #.### #.
..#.#.#.# ##########.# #.
.....>.[########..........#
#.
#.[..(i[[§☼§§☼§.......?##
#.
......########§§i..#####.#
#. .###.## #§§@÷.+.....# #.
[.. #.÷...####..#######.
###. #..[..+..#..........
.. #.....##.#.######### ..
#.....##.#.# #.#
#.....##.#.#
#####.....##.#.#
#.....######.#.#
#.....[.####.#.#


You could see a spriggan defender.

Vanquished Creatures
  the Enchantress (Depths:1)
  Arachne (Spider:3)
  Jorgrun (Spider:3)
  A lich (Depths:1)
  Frances (D:14)
  4 krakens
  Agnes (Spider:4)
  Roxanne (Shoals:1)
  An azure jelly (IceCv)
  Aizul (Shoals:1)
  Kirke (D:14)
  5 emperor scorpions
  Ilsuiw (Shoals:4)
  5 ghost moths
  Louise (Shoals:4)
  2 broodmothers
  A spriggan defender (Depths:1)
  2 very ugly things (Depths:1)
  A formless jellyfish (Shoals:4)
  2 stone giants (Depths:1)
  A quicksilver ooze (IceCv)
  4 spark wasps
  Azrael (Spider:1)
  The ghost of Oneirical the Wallflower, a journeyman FeWr of Uskayaw (Orc:2)
  An ettin (Orc:1)
  3 jiangshi (Depths:1)
  3 merfolk impalers
  10 merfolk javelineers (Shoals:4)
  A great orb of eyes (D:14)
  A fire dragon (Depths:1)
  5 hydras
  5 catoblepae
  2 rakshasas
  7 jorogumos
  3 entropy weavers
  A vault guard (D:13)
  2 spriggan air magi (Depths:1)
  An ice dragon (Depths:1)
  An ogre mage (D:15)
  4 merfolk avatars
  6 centaur warriors
  3 alligator snapping turtles
  8 merfolk aquamancers (Shoals:4)
  A dancing weapon (D:13)
  12 two-headed ogres
  4 radroaches
  9 boulder beetles
  2 satyrs
  6 death yaks
  A deep troll earth mage (Depths:1)
  An orc high priest (Orc:1)
  7 demonic crawlers
  A vampire mage (Depths:1)
  An occultist (D:15)
  Nergalle (Lair:1)
  8 pharaoh ants
  Amaemon (Lair:1)
  A fire crab (Lair:4)
  7 skeletal warriors
  7 skysharks
  An iron troll (Depths:1)
  10 sea snakes
  Lodul (D:12)
  A glowing orange brain (Depths:1)
  An arcanist (D:15)
  A deep troll (Depths:1)
  2 sun moths (Spider:4)
  A flayed ghost (Depths:1)
  13 orb spiders
  10 harpies
  2 lindwurms
  Pikel (D:6)
  3 deep elf pyromancers
  A deep elf zephyrmancer (D:15)
  2 orc knights (D:11)
  A necromancer (D:15)
  18 ugly things
  11 steelbarb worms
  An orc sorcerer (D:15)
  23 wolf spiders
  4 moths of wrath
  3 cyclopes
  11 manticores
  4 fauns
  9 meliai
  5 kobold blastminers
  13 elephants
  An ice statue (IceCv)
  8 merfolk sirens
  Joseph (D:7)
  7 black mambas
  2 water nymphs (Shoals:2)
  6 torpor snails
  An orange demon (Lair:1)
  17 cane toads
  Jeremiah (D:6)
  5 gargoyles
  An unseen horror (D:10)
  11 rime drakes
  12 komodo dragons
  Psyche (D:9)
  5 trolls
  23 merfolk
  Grinder (D:4)
  25 tarantellas
  A wolf spider simulacrum (D:15)
  7 hornets
  5 polar bears
  29 blink frogs
  9 wind drakes
  A glass eye (Depths:1)
  13 dream sheep
  15 snapping turtles
  2 centaur simulacra (D:15)
  17 culicivoras
  19 slime creatures
  23 jumping spiders
  13 spriggans (Lair:5)
  2 shadows
  65 yaks
  7 water elementals
  Eustachio (D:6)
  15 basilisks
  3 fire elementals
  2 hogs (D:14)
  3 wraiths
  65 redbacks
  2 wargs
  13 wyverns
  3 steam dragons
  4 vampire mosquitoes (D:12)
  2 great orb of eyes simulacra (IceCv)
  13 water moccasins
  3 acid dragons
  4 hell hounds
  42 orc warriors
  A swamp drake (shapeshifter) (D:15)
  2 sky beasts
  8 black bears
  13 centaurs
  25 wolves
  8 boggarts
  19 ogres
  A lemure (D:6)
  4 kobold brigands
  Blork the orc (D:6)
  4 slime creature simulacra (IceCv)
  A gnoll sergeant (D:9)
  10 bullfrogs
  10 glowing shapeshifter simulacra (IceCv)
  8 scorpions
  18 wights
  6 killer bees (D:7)
  A howler monkey (D:5)
  2 bombardier beetles (D:5)
  2 hounds
  3 jellies
  17 orc priests
  Ijyb (D:5)
  2 iguanas (D:6)
  34 orc wizards
  7 hell rats
  A statue (D:9)
  2 shapeshifter simulacra (IceCv)
  14 gnolls
  9 adders
  2 river rats (Sewer)
  A shadow imp (D:3)
  2 white imps
  2 ufetubi (D:5)
  A dart slug (D:1)
  4 ribbon worms
  The ghost of aheadsounds the Sneak, a weakling FeDe (D:9)
  93 orcs
  7 ball pythons
  6 bats
  10 endoplasms
  4 giant cockroaches
  7 goblins
  8 hobgoblins
  5 jackals
  6 quokkas
  4 frilled lizards
  25 kobolds
  10 rats
  A butterfly (Lair:5)
  8 tentacles
1303 creatures vanquished.

Vanquished Creatures (collateral kills)
  A broodmother (Spider:3)
  A wolf spider (Spider:3)
  2 culicivoras (Spider:3)
4 creatures vanquished.

Vanquished Creatures (others)
  A merfolk aquamancer (Shoals:4)
  A centaur zombie (D:15)
  4 humans (D:14)
  435 ball lightnings
  16 tentacles
457 creatures vanquished.

Grand Total: 1764 creatures vanquished

Notes
Turn   | Place    | Note
-------+----------+-------------------------------------------
     0 | D:1      | CougarLife the Gargoyle Earth Elementalist began the quest
                  | for the Orb.
     0 | D:1      | Reached XP level 1. HP: 10/10 MP: 3/3
   177 | D:1      | Reached XP level 2. HP: 13/15 MP: 0/5
   276 | D:1      | Reached skill level 4 in Earth Magic
   529 | D:1      | Reached XP level 3. HP: 19/19 MP: 4/6
  1397 | D:2      | Found a radiant altar of Vehumet.
  1412 | D:2      | Became a worshipper of Vehumet
  1613 | D:2      | Reached XP level 4. HP: 24/24 MP: 5/8
  1927 | D:2      | Learned a level 3 spell: Stone Arrow
  2097 | D:3      | Found a faded altar of an unknown god.
  2482 | D:3      | Reached XP level 5. HP: 28/28 MP: 6/9
  2534 | D:3      | Reached * piety under Vehumet
  2534 | D:3      | Offered knowledge of Sting by Vehumet.
  2578 | D:3      | Reached skill level 5 in Earth Magic
  3101 | D:4      | Noticed a black bear
  3109 | D:4      | Killed a black bear
  3110 | D:4      | Reached XP level 6. HP: 32/32 MP: 5/11
  3382 | D:4      | Found a hide-covered altar of Uskayaw.
  3810 | D:4      | Noticed Grinder
  3818 | D:4      | Killed Grinder
  3819 | D:4      | Reached skill level 6 in Earth Magic
  3819 | D:4      | Reached XP level 7. HP: 36/36 MP: 9/13
  3913 | D:5      | Entered Level 5 of the Dungeon
  3925 | D:5      | Reached skill level 5 in Conjurations
  4019 | D:5      | Reached skill level 5 in Spellcasting
  4029 | D:5      | Reached skill level 7 in Earth Magic
  4030 | D:5      | Reached ** piety under Vehumet
  4031 | D:5      | Reached XP level 8. HP: 38/41 MP: 11/15
  4071 | D:5      | Offered knowledge of Mercury Vapours by Vehumet.
  4079 | D:5      | Got the Dissertation on Glacial Hexing
  4328 | D:5      | You fall into a shaft and drop 1 floor!
  4346 | D:6      | Found a glowing drain.
  4350 | Sewer    | Entered a sewer
  4670 | D:6      | Noticed Pikel
  4673 | D:6      | Killed Pikel
  4674 | D:6      | Reached skill level 8 in Earth Magic
  4721 | D:6      | Offered knowledge of Inner Flame by Vehumet.
  4916 | D:5      | Reached XP level 9. HP: 32/45 MP: 13/18
  4995 | D:5      | Noticed Ijyb
  4998 | D:5      | Killed Ijyb
  5209 | D:6      | Noticed Blork the orc
  5215 | D:6      | Killed Blork the orc
  5391 | D:6      | Found a staircase to the Ecumenical Temple.
  5397 | D:6      | Reached *** piety under Vehumet
  5400 | Temple   | Entered the Ecumenical Temple
  5404 | D:6      | Noticed Eustachio
  5419 | D:6      | Killed Eustachio
  5420 | D:6      | Reached skill level 9 in Earth Magic
  5648 | D:6      | Noticed Jeremiah
  5650 | D:6      | Found a shimmering altar of Xom.
  5705 | D:6      | Killed Jeremiah
  5794 | D:6      | Found an iron altar of Okawaru.
  5796 | D:6      | Found a runed translucent door.
  5801 | D:6      | Found the +0 toga "Victory" {*Victory Clar}
  6394 | D:7      | Offered knowledge of Sticky Flame by Vehumet.
  6472 | D:7      | Found a sacrificial altar of Ru.
  6477 | D:7      | Reached skill level 10 in Earth Magic
  6485 | D:7      | Found a white marble altar of Elyvilon.
  6485 | D:7      | Found an ornate altar of the Wu Jian Council.
  6616 | D:7      | Reached XP level 10. HP: 50/50 MP: 12/21
  6850 | D:7      | Found a basalt altar of Yredelemnul.
  6859 | D:7      | Found an opulent altar of Gozag.
  6860 | D:7      | Noticed Joseph
  6872 | D:7      | Killed Joseph
  7429 | D:8      | Reached **** piety under Vehumet
  7493 | D:8      | Reached skill level 11 in Earth Magic
  7827 | D:8      | Found a runed translucent door.
  7828 | D:8      | Found a shimmering altar of Xom.
  7828 | D:8      | Noticed CougarLife's ghost (novice GrEE)
  7828 | D:8      | Noticed a +2 whip of chaos
  7979 | D:8      | Identified the +0 ring mail "Niniugh" {Dex+7}
  8073 | D:8      | Offered knowledge of Olgreb's Toxic Radiance by Vehumet.
  8128 | D:8      | Reached skill level 10 in Conjurations
  8437 | D:8      | Reached XP level 11. HP: 54/54 MP: 24/24
  8548 | D:9      | Found the +5 woodcutter's axe
  8719 | D:9      | Found a shadowy altar of Dithmenos.
  8874 | D:9      | Found a radiant altar of Vehumet.
  9048 | D:9      | Reached skill level 12 in Earth Magic
  9233 | D:9      | Found a burning altar of Makhleb.
  9263 | D:9      | Found a runed translucent door.
  9263 | D:9      | Noticed aheadsounds's ghost (weakling FeDe)
  9302 | D:9      | Found a glowing silver altar of Zin.
  9432 | D:9      | Found a hazy altar of Hepliaklqana.
  9521 | D:9      | Noticed Psyche
  9527 | D:9      | Killed Psyche
  9921 | D:9      | Killed aheadsounds's ghost
  9979 | D:10     | Entered Level 10 of the Dungeon
 10054 | D:10     | Reached ***** piety under Vehumet
 10059 | D:10     | Offered knowledge of Lee's Rapid Deconstruction by Vehumet.
 10072 | D:10     | Learned a level 5 spell: Lee's Rapid Deconstruction
 10253 | D:10     | Noticed a two-headed ogre
 10266 | D:10     | Killed a two-headed ogre
 10658 | D:10     | Found a bloodstained altar of Trog.
 10664 | D:10     | Reached skill level 10 in Spellcasting
 10756 | D:10     | Noticed a two-headed ogre
 10760 | D:10     | Killed a two-headed ogre
 10761 | D:10     | Reached skill level 13 in Earth Magic
 11301 | D:10     | Found a staircase to the Lair.
 11819 | D:11     | Noticed a skeletal warrior
 11819 | D:11     | Noticed a skeletal warrior
 11819 | D:11     | Noticed a skeletal warrior
 11823 | D:11     | Killed a skeletal warrior
 11824 | D:11     | Reached XP level 12. HP: 9/59 MP: 7/26
 12190 | D:11     | Noticed a two-headed ogre
 12195 | D:11     | Killed a two-headed ogre
 13031 | D:11     | Found Taux's Assorted Antiques.
 13036 | D:11     | Bought a scroll of identify for 50 gold pieces
 13036 | D:11     | Bought a scroll of teleportation for 75 gold pieces
 13098 | D:11     | Noticed a boulder beetle
 13417 | D:11     | Found a roughly hewn altar of Beogh.
 13420 | D:11     | Found a staircase to the Orcish Mines.
 13499 | D:11     | Reached skill level 14 in Earth Magic
 13560 | D:11     | Found a roughly hewn altar of Beogh.
 13572 | D:11     | Identified a scroll of acquirement
 13752 | D:11     | Acquired the +3 hat of Pondering {ponderous, Will+ MP+10
                  | Int+5}
 13752 | D:11     | Found the +3 hat of Pondering {ponderous, Will+ MP+10
                  | Int+5}
 13819 | Lair:1   | Entered Level 1 of the Lair of Beasts
 13992 | Lair:1   | Noticed a catoblepas
 14022 | Lair:1   | Killed a catoblepas
 14039 | Lair:1   | Noticed Nergalle
 14105 | Lair:1   | Killed Nergalle
 14265 | Lair:1   | Reached skill level 1 in Fighting
 14267 | Lair:1   | Offered knowledge of Conjure Ball Lightning by Vehumet.
 14459 | Lair:1   | Found a runed translucent gate.
 14459 | Lair:1   | Found a runed translucent gate.
 14459 | Lair:1   | Found a runed translucent gate.
 14480 | Lair:1   | Noticed Amaemon
 14486 | Lair:1   | Noticed a skyshark
 14489 | Lair:1   | Killed Amaemon
 14495 | Lair:1   | Killed a skyshark
 14496 | Lair:1   | Reached XP level 13. HP: 65/68 MP: 12/28
 14579 | Lair:1   | Reached skill level 15 in Earth Magic
 14586 | Lair:1   | Learned a level 6 spell: Conjure Ball Lightning
 14637 | Lair:1   | Noticed dogverified's ghost (journeyman DrCj)
 15354 | Lair:1   | Identified the amulet "Vocw" {Spirit ^Contam Fly Will++}
 15721 | Lair:2   | Reached skill level 5 in Fighting
 15774 | Lair:2   | Found a frozen archway.
 15780 | IceCv    | Entered an ice cave
 15795 | IceCv    | Noticed a quicksilver ooze
 15797 | IceCv    | Killed a quicksilver ooze
 16297 | IceCv    | Reached skill level 1 in Air Magic
 16388 | IceCv    | Noticed an azure jelly
 16597 | IceCv    | Killed an azure jelly
 16641 | IceCv    | Found a viscous altar of Jiyva.
 16657 | IceCv    | Got Xolibosic's Quarto of the Wendigo
 16672 | IceCv    | Got the +3 hand axe "Pexeug" {freeze, rPois MP+9 Str+3}
 16780 | Lair:2   | Learned a level 5 spell: Freezing Cloud
 17107 | Lair:2   | Found a staircase to the Shoals.
 17152 | Lair:2   | Reached skill level 16 in Earth Magic
 17153 | Lair:2   | Gained mutation: Your large and strong wings let you fly.
                  | [Gargoyle growth]
 17153 | Lair:2   | Reached XP level 14. HP: 67/80 MP: 30/30
 17778 | Lair:3   | Found a hole to the Spider Nest.
 17827 | Lair:3   | Identified the +2 glaive "Mepp" {elec, ^Fragile rPois rN+}
 17852 | Lair:3   | Found a basalt altar of Yredelemnul.
 18468 | Lair:3   | HP: 1/82 [eight-headed hydra (13)]
 19719 | Lair:4   | Offered knowledge of Arcjolt by Vehumet.
 19836 | Lair:4   | Learned a level 5 spell: Arcjolt
 20134 | Lair:4   | Reached skill level 15 in Conjurations
 21121 | Lair:5   | Entered Level 5 of the Lair of Beasts
 21652 | Lair:4   | Reached XP level 15. HP: 63/89 MP: 32/32
 21807 | Lair:5   | Reached skill level 17 in Earth Magic
 21836 | Lair:5   | Found a viscous altar of Jiyva.
 21836 | Lair:5   | Found a staircase to the Slime Pits.
 22192 | Lair:5   | Reached skill level 5 in Air Magic
 22365 | Lair:5   | Offered knowledge of Bombard by Vehumet.
 22429 | Lair:5   | Learned a level 6 spell: Bombard
 22434 | Lair:5   | Reached ****** piety under Vehumet
 24438 | D:12     | Noticed Lodul
 24445 | D:12     | Killed Lodul
 25152 | Orc:1    | Entered Level 1 of the Orcish Mines
 25364 | Orc:1    | Offered knowledge of Plasma Beam by Vehumet.
 25470 | Orc:1    | Found a roughly hewn altar of Beogh.
 26073 | Orc:2    | Entered Level 2 of the Orcish Mines
 26073 | Orc:2    | Found Puikaluwk's Vocational Training.
 26186 | Orc:2    | Found a staircase to the Elven Halls.
 26435 | Orc:2    | Reached skill level 10 in Fighting
 26647 | Orc:2    | Found a transporter.
 26673 | Orc:2    | Found a transporter.
 26674 | Orc:2    | Identified the +6 giant club of Tumult {freeze, +Blink rF+
                  | rN+}
 26734 | Orc:2    | Reached XP level 16. HP: 97/97 MP: 34/34
 26817 | Orc:2    | Offered knowledge of Iskenderun's Battlesphere by Vehumet.
 26965 | Orc:2    | Found Ukheur's Magic Scroll Emporium.
 26965 | Orc:2    | Found Piseeg's Antique Weapon Boutique.
 26965 | Orc:2    | Found Qaosixeg's General Store.
 26968 | Orc:2    | Found Wihyir's Antique Armour Shoppe.
 26972 | Orc:2    | Bought a scroll of summoning for 142 gold pieces
 26972 | Orc:2    | Bought a scroll of teleportation for 45 gold pieces
 26972 | Orc:2    | Bought a scroll of identify for 30 gold pieces
 26972 | Orc:2    | Bought a scroll of identify for 30 gold pieces
 26980 | Orc:2    | Bought a potion of resistance for 150 gold pieces
 26980 | Orc:2    | Bought 2 potions of haste for 300 gold pieces
 26980 | Orc:2    | Bought 2 scrolls of revelation for 225 gold pieces
 26980 | Orc:2    | Bought a scroll of teleportation for 45 gold pieces
 27039 | Orc:2    | Noticed Oneirical's ghost (journeyman FeWr)
 27046 | Orc:2    | Killed Oneirical's ghost
 27501 | D:13     | Found a gate to the Vaults.
 27541 | D:13     | Found Vonecox's Armour Boutique.
 28062 | D:14     | Reached skill level 18 in Earth Magic
 28673 | D:14     | Noticed Kirke
 28685 | D:14     | Killed Kirke
 28970 | D:14     | Noticed Frances
 28981 | D:14     | Killed Frances
 29651 | D:15     | Entered Level 15 of the Dungeon
 29875 | D:15     | HP: 3/100 [meliai/divine providence (12)]
 30334 | D:15     | Identified the +2 robe of Zeceol {Will+ Str+3}
 30799 | D:15     | Found a staircase to the Depths.
 31355 | Shoals:1 | Entered Level 1 of the Shoals
 31364 | Shoals:1 | Noticed Jizeqel's ghost (journeyman OpCj)
 31364 | Shoals:1 | Identified the serpent talisman of Kikubaaqudgha's Scorn
                  | {rElec rC+ rN+++ Slay-4}
 31364 | Shoals:1 | Noticed Aizul
 31373 | Shoals:1 | Killed Aizul
 31381 | Lair:2   | Reached XP level 17. HP: 40/104 MP: 23/35
 31603 | Shoals:1 | You are sucked into a shaft and drop 1 floor!
 31894 | Shoals:1 | Offered knowledge of Ignition by Vehumet.
 31930 | Shoals:1 | Learned a level 8 spell: Ignition
 32133 | Shoals:1 | Found a transporter.
 32139 | Shoals:1 | Noticed Roxanne
 32143 | Shoals:1 | Killed Roxanne
 32144 | Shoals:1 | Reached skill level 1 in Fire Magic
 32413 | Shoals:1 | Found a transporter.
 32654 | Shoals:1 | Noticed a kraken
 32683 | Shoals:1 | Killed a kraken
 32874 | Shoals:1 | Found a transporter.
 32877 | Shoals:1 | Found a transporter.
 32885 | Shoals:1 | Found a bloodstained altar of Trog.
 33420 | Shoals:2 | Noticed a kraken
 33430 | Shoals:2 | Killed a kraken
 33431 | Shoals:2 | Reached skill level 1 in Armour
 33431 | Shoals:2 | Reached skill level 15 in Spellcasting
 34004 | Shoals:3 | Identified the +4 rapier of Calamity {vamp, Str+4}
 34416 | Shoals:3 | Reached skill level 5 in Fire Magic
 35096 | Shoals:4 | Entered Level 4 of the Shoals
 35096 | Shoals:4 | Noticed Louise
 35107 | Shoals:4 | Killed Louise
 37485 | Shoals:4 | Reached skill level 5 in Armour
 37948 | Shoals:4 | Got a barnacled rune of Zot
 38004 | Shoals:4 | Reached XP level 18. HP: 112/112 MP: 37/37
 38420 | Shoals:4 | Noticed Ilsuiw
 38425 | Shoals:4 | Killed Ilsuiw
 39278 | Shoals:4 | Identified the staff of Pandemonium {rF+ Int-2 Dex+9 Stlth-
                  | Fire}
 39507 | Spider:1 | Entered Level 1 of the Spider Nest
 39758 | Spider:1 | Noticed Azrael
 40251 | Spider:1 | Killed Azrael
 42186 | Spider:2 | Identified the +11 trident "Efovvath" {flame, *Noise rPois
                  | rF+}
 42421 | Spider:2 | Reached skill level 10 in Fire Magic
 42732 | Spider:2 | Offered knowledge of Lehudib's Crystal Spear by Vehumet.
 42732 | Spider:2 | Offered knowledge of Fire Storm by Vehumet.
 42732 | Spider:2 | Offered knowledge of Chain Lightning by Vehumet.
 42758 | Spider:2 | Learned a level 8 spell: Lehudib's Crystal Spear
 44465 | Spider:3 | Noticed Jorgrun
 44469 | Spider:3 | Killed Jorgrun
 44636 | Spider:3 | Noticed Arachne
 44640 | Spider:3 | Killed Arachne
 44688 | Spider:3 | Reached XP level 19. HP: 99/117 MP: 39/39
 46255 | Spider:4 | Entered Level 4 of the Spider Nest
 47488 | Spider:4 | Noticed Agnes
 47493 | Spider:4 | Killed Agnes
 48155 | Spider:4 | Identified the +0 hat of Dim Light {Regen+}
 48536 | Spider:4 | Got a gossamer rune of Zot
 49363 | Depths:1 | Entered Level 1 of the Depths
 49830 | Depths:1 | Reached XP level 20. HP: 86/127 MP: 4/41
 49837 | Depths:1 | Noticed the Enchantress
 50028 | Depths:1 | Killed the Enchantress
 50029 | Depths:1 | Slain by a spriggan defender

Illustrated notes

Levels and vault maps discovered:
D:1:      dpeg_arrival_signposts, layout_basic, minmay_three_crescents
D:2:      layout_basic, basic_altar
D:3:      layout_basic, ebering_ecumenical_altar_hall, st_stairs_5
D:4:      minmay_door_path, layout_rooms, nicolae_uskayaw_dance_hall,
          hangedman_decor_diamond_cutter, minmay_pentomino_pile, uniq_grinder
D:5:      layout_basic, uniq_ijyb
D:6:      layout_basic, xom_redecorated,
          nicolae_overflow_guarded_unrand_okawaru_victory,
          minmay_temple_entry_gardened_gates, gup_sewer_entry_bowl,
          uniq_eustachio, uniq_jeremiah, uniq_blork_the_orc, uniq_pikel
D:7:      layout_loops_cross, grunt_temple_overflow_open,
          gammafunk_temple_overflow_forgotten, uniq_joseph
D:8:      layout_basic, ebering_ghost_xom, columned_hall_lemuel
D:9:      layout_stronghold, mainiacjoe_overflow_alcove_1,
          lightli_temple_of_fire, vehumet_statue,
          grunt_dithmenos_smoke_and_mirrors, zin_statuary,
          gammafunk_ghost_grave, uniq_psyche
D:10:     layout_cave_pools, old_standard_altar, erik_lair_orcish_takeover,
          grunt_ministairs_8
D:11:     layout_irregular_city, david_orc_5, serial_shops,
          nicolae_shop_dealshenge, lightli_church_of_beogh
D:12:     layout_cave_pods, uniq_lodul
D:13:     layout_stronghold, erik_vaults_1, serial_shops,
          nicolae_shop_gibbet_a_chance
D:14:     layout_roguey [special_room_mythical_zoo], nrook_campfire,
          grunt_decor_clamped, serial_library_hellmonk_recessed_alcove,
          uniq_frances, uniq_kirke
D:15:     grunt_enter_depths_magical_seal, layout_basic, minmay_misc_feat_iff
Temple:   hellmonk_temple_forest_ring
Lair:1:   regret_index_malice_mire, layout_regular_city, serial_rivers,
          chequers_serial_rivers_large_b, chequers_serial_rivers_small_b,
          chequers_serial_rivers_small_a, chequers_serial_rivers_micro_b,
          gammafunk_ghost_necromancy, st_stairs_12, infiniplex_staircase_pool,
          serial_bayou_shore_b, uniq_nergalle, uniq_amaemon
Lair:2:   layout_gridlike, minmay_shoals_entry_lonely_mermaid,
          portal_ice_cave_entry_pillars_2, grunt_megastairs_1, lemuel_fruit_tree
Lair:3:   nzn_winding_woodlands_small [nzn_winding_woodlands_5x15_garden,
          nzn_winding_woodlands_center_triple_pond,
          nzn_winding_woodlands_5x15_parted], layout_concentric_octagons,
          nicolae_spider_entry_non_spiders, basic_altar,
          minmay_stone_trees_medium
Lair:4:   layout_regular_city
Lair:5:   minmay_lair_end_enchanted_forest, layout_regular_city,
          dpeg_slime_entry_enclosed, lemuel_fruit_fields, serial_bayou_shore_b
Shoals:1: gammafunk_sealed_arena, layout_shoals,
          gammafunk_ghost_wrathful_warriors, nicolae_shoals_kraken_intersection,
          uniq_roxanne, uniq_aizul
Shoals:2: layout_shoals
Shoals:3: layout_shoals, nicolae_shoals_stone_sculpture_thing
Shoals:4: shoals_end_simple, layout_shoals, shoals_ilsuiw_alternative,
          uniq_louise
Spider:1: layout_spider_delve, uniq_azrael
Spider:2: layout_spider_delve
Spider:3: nicolae_spider_hilbert_zone_3 [nicolae_spider_hilbert_4_sides_2_open,
          nicolae_spider_hilbert_3_sides_1_open,
          nicolae_spider_hilbert_3_sides_1_open,
          nicolae_spider_hilbert_3_sides_1_open,
          nicolae_spider_hilbert_3_sides_1_open,
          nicolae_spider_hilbert_4_sides_1_open,
          nicolae_spider_hilbert_4_sides_1_open,
          nicolae_spider_hilbert_4_sides_1_open,
          nicolae_spider_hilbert_4_sides_1_open,
          nicolae_spider_hilbert_4_sides_1_open,
          nicolae_spider_hilbert_4_sides_1_open,
          nicolae_spider_hilbert_4_sides_1_open,
          nicolae_spider_hilbert_4_sides_1_open,
          nicolae_spider_hilbert_3_sides_1_open,
          nicolae_spider_hilbert_3_sides_1_open,
          nicolae_spider_hilbert_3_sides_1_open,
          nicolae_spider_hilbert_3_sides_1_open], uniq_jorgrun, uniq_arachne
Spider:4: johnstein_spider_rune_arachne_lair, nicolae_spider_webbed_stairs,
          uniq_agnes
Orc:1:    layout_caves, bh_open_orc_temple
Orc:2:    st_orc_rangers, layout_caves, gammafunk_ghost_smash,
          nicolae_shop_vocational
Depths:1: layout_basic, hellmouth_1, serial_shops, nicolae_lakefront_shop,
          minmay_shop_mayhem, pdpol_wu_jian_five_deadly_venoms,
          minmay_shop_star, uniq_enchantress, uniq_mara

Skill      XL: |  1  2  3  4  5  6  7  8  9 10 11 12 13 14 15 16 17 18 19 |
---------------+----------------------------------------------------------+-----
Earth Magic    | 4 5 6 7 8 10 11 13 14 16 17 18 | 18.8
Conjurations   | 2 3 4 5 7 8 10 11 13 14 15 16 17 | 17.4
Spellcasting   | 3 4 5 6 7 9 10 11 12 13 14 15 16 17 | 17.1
Fighting       | 2 6 8 10 11 12 14 | 14.1
Air Magic      | 1 4 6 7 |  7.7
Fire Magic     | 7 11 14 | 14.1
Armour         | 5 7 |  7.0
Dodging        | |  1.5
Stealth        | |  2.1

Action                     |  1- 3 |  4- 6 |  7- 9 | 10-12 | 13-15 | 16-18 | 19-21 || total
---------------------------+-------+-------+-------+-------+-------+-------+-------++-------
  Melee: Dagger            |    10 |     1 |     2 |     2 |     2 |       |       ||    17
         Hand axe          |       |       |       |       |     2 |     2 |     6 ||    10
   Cast: Sandblast         |    49 |    87 |   110 |   136 |   185 |    66 |    23 ||   656
         Stone Arrow       |       |     2 |    29 |   151 |    93 |   114 |    35 ||   424
         Lee's Rapid Decon |       |       |       |    70 |    79 |   121 |    18 ||   288
         Conjure Ball Ligh |       |       |       |       |   106 |    68 |     3 ||   177
         Freezing Cloud    |       |       |       |       |    74 |   143 |    52 ||   269
         Arcjolt           |       |       |       |       |    47 |    38 |    10 ||    95
         Bombard           |       |       |       |       |    24 |   134 |       ||   158
         Lehudib's Crystal |       |       |       |       |       |    41 |   115 ||   156
         Ignition          |       |       |       |       |       |       |     1 ||     1
    Use: Scroll            |       |       |    10 |    11 |    13 |     9 |       ||    43
         Potion            |       |       |     1 |     2 |       |     7 |     2 ||    12
 Armour: Robe              |    36 |    20 |    64 |    46 |       |       |       ||   166
         Acid dragon scale |       |       |       |    76 |   375 |   477 |   167 ||  1095
  Dodge: Dodged            |    35 |    23 |    47 |    93 |   144 |   158 |    74 ||   574

Table legend: (Time is in decaauts)
 A = Elapsed time spent in this place.
 B = Non-inter-level travel time spent in this place.
 C = Inter-level travel time spent in this place.
 D = Time resting spent in this place.
 E = Time spent auto-exploring this place.
 F = Levels seen in this place.
 G = Mean time per level.
                   A        B        C        D        E       F      G
               +--------+--------+--------+--------+--------+-----+--------+
         Total |  52167 |  49590 |   2577 |  19566 |  20163 |  34 | 1534.3 |
       Dungeon |  20721 |  19118 |   1603 |   5817 |  10000 |  15 | 1381.4 |
        Temple |      1 |      1 |      0 |      0 |      0 |   1 |    1.0 |
          Lair |  10422 |   9841 |    581 |   3906 |   4013 |   5 | 2084.4 |
        Shoals |   8281 |   8199 |     82 |   4384 |   2353 |   4 | 2070.2 |
   Spider Nest |   9170 |   8992 |    178 |   4211 |   2932 |   4 | 2292.5 |
  Orcish Mines |   2004 |   1872 |    132 |    634 |    731 |   2 | 1002.0 |
        Depths |    250 |    250 |      0 |     17 |     16 |   1 |  250.0 |
         Sewer |    293 |    293 |      0 |    163 |     30 |   1 |  293.0 |
      Ice Cave |   1021 |   1021 |      0 |    433 |     84 |   1 | 1021.0 |
               +--------+--------+--------+--------+--------+-----+--------+

Top non-repeatable levels by time:
Shoals:3: 3011 daAuts
Spider:3: 3002 daAuts
Spider:4: 2834 daAuts
Shoals:4: 2514 daAuts
  Lair:3: 2497 daAuts
    D:11: 2473 daAuts
Spider:2: 2407 daAuts
  Lair:5: 2199 daAuts
  Lair:4: 2069 daAuts
  Lair:1: 2061 daAuts
    D:14: 2042 daAuts
    D:15: 1837 daAuts
     D:9: 1705 daAuts
  Lair:2: 1594 daAuts
    D:10: 1562 daAuts
